 Dungeon Crawl Stone Soup version 0.30-a0-793-g160f7cfddd (webtiles) character file.

Game seed: 10716798505968362729

286 domi the Chopper (level 6, -3/51 HPs)
             Began as a Hill Orc Monk on Feb 19, 2023.
             Was a Believer of Beogh.
             Slain by a kobold brigand
             ... wielding a +0 whip
              (4 damage)
             ... on level 5 of the Dungeon.
             The game lasted 00:05:24 (3426 turns).

domi the Chopper (Hill Orc Monk)                    Turns: 3426, Time: 00:05:24

Health: -3/51      AC:  8    Str: 14    XL:     6   Next: 30%
Magic:  6/6        EV: 10    Int: 12    God:    Beogh [**....]
Gold:   151        SH:  0    Dex: 13    Spells: 5/5 levels left

rFire   . . .      SeeInvis .    a - +0 hand axe
rCold   + . .      Faith    .    (no shield)
rNeg    . . .      Spirit   .    r - +2 scale mail {rC+}
rPois   .          Reflect  .    (no helmet)
rElec   .          Harm     .    (no cloak)
rCorr   .          Rampage  .    (no gloves)
Will    .....                    (no boots) Stlth
                                 (no amulet)
HPRegen 0.28/turn                (no ring)
MPRegen 0.10/turn                (no ring)

@: no status effects
A: no striking features
a: Renounce Religion, Smiting


You were on level 5 of the Dungeon.
You worshipped Beogh.
Beogh was pleased with you.
You visited 1 branch of the dungeon, and saw 6 of its levels.

You collected 151 gold pieces.

Inventory:

Hand Weapons
 a - a +0 hand axe (weapon)
 o - a +2 mace of holy wrath
   (You took it off an orc on level 3 of the Dungeon)
Armour
 b - a +0 robe
 m - a +0 ring mail
   (You found it on level 2 of the Dungeon)
 r - a +2 scale mail of cold resistance (worn)
   (You found it on level 3 of the Dungeon)
Wands
 c - a wand of acid (4)
   (You found it on level 6 of the Dungeon)
Scrolls
 d - 2 scrolls of identify {@r1}
 g - 2 scrolls of enchant armour {unknown}
 k - 2 scrolls of enchant weapon {unknown}
 n - a scroll of immolation {unknown}
 p - a scroll of fog {unknown}
 q - a scroll of poison {unknown}
 s - a scroll of teleportation {unknown}
Potions
 e - 3 potions of attraction {unknown}
 f - a potion of might
 h - a potion of curing {unknown}
 i - 2 potions of flight {unknown}
 j - a potion of cancellation {unknown}
 l - a potion of brilliance {unknown}


   Skills:
 - Level 3.6 Fighting
 * Level 7.4 Axes
 + Level 2.1 Armour
 + Level 3.6 Dodging
 - Level 1.5 Stealth


You had 5 spell levels left.
You didn't know any spells.
Your spell library contained the following spells:

 Spells                   Type           Power      Damage    Failure   Level
 Cigotuvi's Dreadful Rot  Necr/Pois/Air  0%         N/A       91%         2
 Ignite Poison            Fire/Tmut/Pois 0%         N/A       99%         3
 Kindle Blastsparks       Fire/Tloc/Air  0%         2d10      99%         3
 Dispel Undead            Necr           0%         3d6       100%        4
 Freezing Cloud           Conj/Ice/Air   0%         6-21      100%        5
 Death Channel            Necr           0%         N/A       100%        6


Dungeon Overview and Level Annotations

Branches:
Dungeon (6/15)
 Temple: D:4-7

Altars:

Annotations:
D:5 1 runed translucent door, cheesebisquit's ghost, novice MfIE


Message History

A kobold comes into view. It is wielding a +0 dagger.
You hit the kobold. x2
You kill the kobold!
Beogh accepts your kill.
You barely miss the kobold. The kobold barely misses you.
You completely miss the kobold. You hit the kobold.
You kill the kobold!
Beogh accepts your kill.
You closely miss the kobold. You hit the kobold brigand.
The kobold hits you but does no damage.
The kobold brigand completely misses you.
The kobold completely misses you.
You slash the kobold!
You kill the kobold!
Beogh accepts your kill.
You hit the kobold.
You kill the kobold!
Beogh accepts your kill.
You hit the kobold brigand but do no damage.
You hit the kobold.
The kobold throws a stone.
The stone barely misses you.
The kobold brigand hits you but does no damage.
The kobold hits you but does no damage.
The kobold brigand hits you but does no damage.
The kobold throws a stone.
The stone barely misses you.
The stone barely misses the kobold.
A kobold comes into view. It is wielding a +0 whip.
The kobold hits you but does no damage.
Things that are here:
a +0 club; a +0 club; a +0 leather armour The kobold attacks as you move away!
The kobold hits you with a +0 short sword.
The sentinel's mark upon you fades away.
The kobold barely misses you.
The kobold brigand hits you with a +0 short sword.
A kobold comes into view. It is wielding a +0 short sword.
The kobold closely misses you. The kobold misses you.
Items here: $ ( ))) †.
You hit the kobold. You completely miss the kobold.
You closely miss the kobold brigand. x2; You hit the kobold but do no damage. x2
The kobold brigand hits you with a +0 whip.
The kobold hits you but does no damage. The kobold brigand barely misses you.
The kobold hits you with a +0 club. The kobold hits you but does no damage.
The kobold barely misses you.
Okay, then.
You barely miss the kobold. You closely miss the kobold.
You hit the kobold but do no damage. You hit the kobold.
You hit the kobold brigand. x2; The kobold barely misses you.
The kobold brigand barely misses you.
A kobold comes into view. It is wielding a +0 short sword.
The kobold hits you but does no damage. x2; The kobold barely misses you.
You hit the kobold.
You kill the kobold!
Beogh accepts your kill.
You barely miss the kobold. You hit the kobold brigand.
You hit the kobold brigand but do no damage.
You closely miss the kobold. You hit the kobold.
You kill the kobold!
Beogh accepts your kill.
You completely miss the kobold. The kobold barely misses you.
The kobold hits you but does no damage.
The kobold brigand hits you but does no damage.
The kobold hits you but does no damage.
The kobold brigand hits you with a +0 short sword.
You barely miss the kobold brigand. You closely miss the kobold.
You hit the kobold. You barely miss the kobold.
You barely miss the kobold brigand.
A kobold comes into view. It is wielding a +0 dagger.
The kobold brigand hits you but does no damage.
The kobold barely misses you.
The kobold brigand hits you with a +0 whip.
The kobold hits you with a +0 dagger. The kobold hits you but does no damage.
You hit the kobold brigand.
You punch the kobold brigand, but do no damage.
You barely miss the kobold. You hit the kobold but do no damage.
You hit the kobold.
You kill the kobold!
Beogh accepts your kill.
You hit the kobold.
You kill the kobold!
Beogh accepts your kill.
You hit the kobold brigand but do no damage.
The kobold closely misses you.
The kobold brigand hits you with a +0 short sword.
* * * LOW HITPOINT WARNING * * *
The kobold brigand hits you with a +0 whip.
* * * LOW HITPOINT WARNING * * *
The kobold closely misses you.
A kobold comes into view. It is wielding a +0 whip.
The kobold brigand hits you with a +0 short sword.
* * * LOW HITPOINT WARNING * * *
You see here a +0 dagger.
Okay, then.
As you read the scroll labelled IQUDOWINUT, it crumbles to dust.
It is a scroll of identify.
f - a potion of might The kobold brigand hits you but does no damage.
The kobold hits you with a +0 dagger.
* * * LOW HITPOINT WARNING * * *
The kobold brigand hits you with a +0 whip.
You die...

... #. ..## #.K #.
#####..## ##.. ##.
~~~~#...#####K..# ###..
~~~W+.....#.....####....
~Bw#.....KK............
##..)................
#..)KK)..............
#...@K..........#####
#...)K........### ##
#..............## #.
#....###........####.
########...#
##.........##.
..........##
##..####..)..
#########..# ##.##
####.. ##.## #..# ##.
##.###.## ##


You could see 2 kobold brigands, a worm, cheesebisquit's ghost and 5 kobolds.

Vanquished Creatures
  A scorpion (D:6)
  A hound (D:5)
  An orc wizard (D:5)
  5 adders
  An ufetubus (D:5)
  2 worms (D:3)
  2 dart slugs (D:2)
  7 orcs
  8 ball pythons
  12 endoplasms
  7 giant cockroaches
  7 goblins
  5 hobgoblins
  4 jackals (D:2)
  3 quokkas
  3 bats
  7 frilled lizards
  16 kobolds
  8 rats
100 creatures vanquished.

Vanquished Creatures (others)
  11 plants (D:5)
11 creatures vanquished.

Grand Total: 111 creatures vanquished

Notes
Turn   | Place    | Note
-------+----------+-------------------------------------------
     0 | D:1      | domi the Hill Orc Monk began the quest for the Orb.
     0 | D:1      | Reached XP level 1. HP: 19/19 MP: 1/1
   129 | D:1      | Reached XP level 2. HP: 21/26 MP: 2/2
   241 | D:1      | Reached skill level 5 in Axes
   320 | D:1      | Reached XP level 3. HP: 22/31 MP: 3/3
  1161 | D:2      | Reached skill level 3 in Dodging
  1161 | D:2      | Reached XP level 4. HP: 36/39 MP: 4/4
  1383 | D:2      | Reached skill level 6 in Axes
  2194 | D:3      | Reached XP level 5. HP: 14/45 MP: 5/5
  2829 | D:3      | Reached skill level 1 in Armour
  3010 | D:4      | You fall into a shaft and drop 2 floors!
  3210 | D:6      | Noticed an ogre
  3221 | D:5      | Entered Level 5 of the Dungeon
  3264 | D:5      | Reached skill level 7 in Axes
  3264 | D:5      | Reached XP level 6. HP: 49/51 MP: 6/6
  3318 | D:5      | Reached skill level 2 in Armour
  3374 | D:5      | Found a runed translucent door.
  3399 | D:5      | Became a worshipper of Beogh the Brigand
  3399 | D:5      | Reached * piety under Beogh
  3399 | D:5      | Reached ** piety under Beogh
  3405 | D:5      | Noticed cheesebisquit's ghost (novice MfIE)
  3424 | D:5      | HP: 8/51 [kobold brigand/+0 whip (5)]
  3425 | D:5      | HP: 2/51 [kobold brigand/+0 short sword (6)]
  3426 | D:5      | Slain by a kobold brigand

Illustrated notes

Levels and vault maps discovered:
D:1:      dpeg_cavernosity, layout_rooms, serial_glass, glass_columns_a,
          glass_columns_a
D:2:      minmay_skewed_foursquare, layout_basic, minmay_misc_feat_diagonals
D:3:      minmay_octagon_keep, layout_loops_ring
D:4:      layout_cave_pods, mainiacjoe_overflow_chevrons, st_stairs_5
D:5:      kennysheep_kobold_camp, layout_layer_cave,
          nicolae_dithmenos_through_a_glass_darkly, ebering_ghost_sewer_f
D:6:      nicolae_cairo_tiling, layout_loops_ring, amcnicky_altar_gilded,
          minmay_temple_entry_antechambers, minmay_misc_feat_encased

Skill      XL: |  1  2  3  4  5  6 |
---------------+-------------------+-----
Axes           | 5 6 7 |  7.4
Dodging        | 3 |  3.6
Armour         | 1 2 |  2.1
Fighting       | |  3.6
Stealth        | |  1.5

Action                     |  1- 3 |  4- 6 || total
---------------------------+-------+-------++-------
  Melee: Hand axe          |   128 |   196 ||   324
         Punch             |     1 |     4 ||     5
 Invoke: Convert to Beogh  |       |     1 ||     1
    Use: Potion            |       |     1 ||     1
         Scroll            |       |     1 ||     1
   Stab: Sleeping          |     1 |     1 ||     2
 Armour: Robe              |    20 |     2 ||    22
         Ring mail         |       |    31 ||    31
         Scale mail        |       |    48 ||    48
  Dodge: Dodged            |    72 |   137 ||   209

Table legend: (Time is in decaauts)
 A = Elapsed time spent in this place.
 B = Non-inter-level travel time spent in this place.
 C = Inter-level travel time spent in this place.
 D = Time resting spent in this place.
 E = Time spent auto-exploring this place.
 F = Levels seen in this place.
 G = Mean time per level.
                   A        B        C        D        E       F      G
               +--------+--------+--------+--------+--------+-----+--------+
         Total |   3426 |   3267 |    159 |    149 |   2475 |   6 |  571.0 |
       Dungeon |   3426 |   3267 |    159 |    149 |   2475 |   6 |  571.0 |
               +--------+--------+--------+--------+--------+-----+--------+

Top non-repeatable levels by time:
     D:1: 1022 daAuts
     D:2: 1017 daAuts
     D:3: 975 daAuts
     D:6: 209 daAuts
     D:5: 201 daAuts

Table legend:
 A = Kills in this place as a percentage of kills in entire the game.
 B = Kills by you in this place as a percentage of kills by you in the entire game.
 C = Kills by friends in this place as a percentage of kills by friends in the entire game.
 D = Other kills in this place as a percentage of other kills in the entire game.
 E = Experience gained in this place as a percentage of experience gained in the entire game.
 F = Experience gained in this place divided by the number of levels of this place that you have seen.
                   A       B       C       D       E      F
               +-------+-------+-------+-------+-------+----------------------
         Total | 100.0 | 100.0 |   N/A |   N/A | 100.0 |  68.2
       Dungeon | 100.0 | 100.0 |   N/A |   N/A | 100.0 |  68.2
               +-------+-------+-------+-------+-------+----------------------
